[Event "Titled Tuesday Blitz October 18 Late 2022"]
[White "Thomforde-Toates, Noah"]
[Black "Arnold, Ken"]
[WhiteFideId "30951992"]
[BlackFideId "2056836"]
[WhiteElo "2645"]
[BlackElo "2352"]
[Result "1-0"]
[Round "02"]
[TimeControl "180+1"]
[Date "2022.10.19"]
[WhiteClock "0:00:16"]
[BlackClock "0:00:11"]

1. d4 d5 2. Nc3 Nf6 3. Bf4 c6 4. e3 Bf5 5. f3 e6 6. g4 Bg6 7. h4 h5 8. g5 Ng8 9. Bd3 Bd6 10. Nh3 Ne7 11. Qe2 Qc7 12. Qh2 Bxf4 13. Nxf4 Bxd3 14. cxd3 Nf5 15. g6 Nxe3 16. gxf7+ Qxf7 17. Kd2 Nf5 18. Nxe6 Na6 19. Rhe1 Kd7 20. Qh3 g6 21. Re5 Rae8 22. Rae1 Rxe6 23. Rxe6 Qxe6 24. Rxe6 Kxe6 25. Qg2 Kf7 26. Qg5 Re8 27. Ne2 Re6 28. Nf4 Rf6 29. Nxg6 Nxd4 30. Nh8+ Ke6 31. Qg8+ Kd6 32. Nf7+ Kc5 33. Qf8+ Kb6 34. Qd8+ Nc7 35. Qxf6 Nde6 36. Ng5 Nc5 37. Qd4 Nb5 38. Qg1 d4 39. Ne4 Ne6 40. b4 Nf4 41. Qg5 Nd5 42. Qd8+ Ka6 43. Qa5# 1-0


[Site "https://www.chess.com"]

[Event "Titled Tuesday Blitz October 18 Late 2022"]
[White "Timmermans, Mark"]
[Black "Forgacs, Attila Jr."]
[WhiteFideId "1026399"]
[BlackFideId "773654"]
[WhiteElo "2738"]
[BlackElo "2436"]
[Result "1-0"]
[Round "02"]
[TimeControl "180+1"]
[Date "2022.10.19"]
[WhiteClock "0:00:13"]
[BlackClock "0:00:02"]

1. Nf3 Nf6 2. c4 g6 3. b4 Bg7 4. Bb2 O-O 5. e3 d6 6. a4 e5 7. b5 a6 8. Be2 axb5 9. axb5 Rxa1 10. Bxa1 h6 11. O-O Be6 12. d4 e4 13. Nfd2 d5 14. Nc3 c6 15. Bb2 Nbd7 16. Qb3 Nb6 17. c5 Nc8 18. bxc6 bxc6 19. Qb7 Qd7 20. Qxd7 Nxd7 21. Ra1 f5 22. Ra6 Nb8 23. Ra8 Ne7 24. g3 g5 25. Ra7 Nd7 26. Na4 Rb8 27. Bc3 f4 28. Ba6 fxe3 29. fxe3 Bf6 30. Rb7 Ra8 31. Nb6 Nxb6 32. Rxb6 g4 33. Nf1 Bc8 34. Bb7 Rb8 35. Bxc8 Rxc8 36. Rb7 Kf7 37. Ba5 Ke6 38. Bc7 Ra8 39. Bf4 Bg5 40. Bxg5 hxg5 41. Kf2 Ra2+ 42. Ke1 Ra1+ 43. Ke2 Ra2+ 44. Nd2 Ra1 45. Rb8 Ra2 46. Rh8 Ra1 47. Rh6+ Kf7 48. Nf1 Ra2+ 49. Ke1 Ra1+ 50. Kf2 Ra2+ 51. Kg1 Rb2 52. Rd6 Re2 53. Rd7 Ke6 54. Rc7 Rb2 55. Ra7 Re2 56. Ra6 Rb2 57. Ra1 Re2 58. Rd1 Nf5 59. Rb1 Nxe3 60. Rb7 Re1 61. Kf2 Rxf1+ 62. Kxe3 Rf3+ 63. Ke2 Rc3 64. Rc7 Rc2+ 65. Ke3 Rc3+ 66. Kd2 Rd3+ 67. Ke2 Rxd4 68. Rxc6+ Ke5 69. Rg6 Kf5 70. Rd6 Ke5 71. Rg6 Kf5 72. Rd6 Rd3 73. c6 Ke5 74. Rg6 Rc3 75. Rxg5+ Kd6 76. Rxg4 Kxc6 77. h4 Kd6 78. h5 Rc2+ 79. Ke3 Rc3+ 80. Kf4 Rf3+ 81. Kg5 e3 82. h6 e2 83. h7 e1=Q 84. h8=Q Qe7+ 85. Kh6 Rf6+ 86. Rg6 Qe3+ 87. Kh5 Qe5+ 88. Rg5 Rh6+ 89. Qxh6+ Kc5 90. Rxe5 1-0


[Site "https://www.chess.com"]

[Event "Titled Tuesday Blitz October 18 Late 2022"]
[White "Titus, Andrew"]
[Black "Sabar, Ethmane Daouda"]
[WhiteFideId "2059770"]
[BlackFideId "19600097"]
[WhiteElo "2061"]
[BlackElo "1950"]
[Result "0-1"]
[Round "02"]
[TimeControl "180+1"]
[Date "2022.10.19"]
[WhiteClock "0:00:12"]
[BlackClock "0:00:51"]

1. e4 c5 2. Nf3 Nc6 3. d4 cxd4 4. Nxd4 e5 5. Nb5 a6 6. Nd6+ Bxd6 7. Qxd6 Qf6 8. Qd1 Qg6 9. Nc3 Nge7 10. Be3 d5 11. exd5 Nb4 12. Rc1 Bf5 13. d6 Nec6 14. Nd5 O-O 15. Nxb4 Nxb4 16. Be2 Nxc2+ 17. Kf1 Nxe3+ 18. fxe3 Rfd8 19. Qb3 Rxd6 20. Qxb7 Rad8 21. Qe7 Be4 22. Qxd6 Qxd6 0-1


[Site "https://www.chess.com"]

[Event "Titled Tuesday Blitz October 18 Late 2022"]
[White "Tsyhanchuk, Stanislav"]
[Black "Tsaruk, Maksim"]
[WhiteFideId "13505130"]
[BlackFideId "13511173"]
[WhiteElo "2173"]
[BlackElo "2273"]
[Result "0-1"]
[Round "02"]
[TimeControl "180+1"]
[Date "2022.10.19"]
[WhiteClock "0:00:02"]
[BlackClock "0:00:06"]

1. e4 c5 2. Nf3 e6 3. d4 cxd4 4. Nxd4 Nc6 5. Nc3 a6 6. Nxc6 bxc6 7. Bd3 d5 8. O-O Bd6 9. f4 Ne7 10. Kh1 O-O 11. e5 Bc7 12. Qh5 g6 13. Qh6 f6 14. Bd2 a5 15. exf6 Rxf6 16. Na4 Nf5 17. Bxf5 gxf5 18. Qh5 Rg6 19. Nc5 Qe7 20. Nd3 Ba6 21. Rf3 Bxd3 22. Rxd3 Qg7 23. Qf3 Qxb2 24. Re1 Bd6 25. h4 Re8 26. h5 Rg4 27. Qh3 Qxa2 28. Rg3 Qxc2 29. Bc3 Kf7 30. Rxg4 fxg4 31. Qe3 c5 32. f5 Qxf5 33. Qe2 Qxh5+ 34. Kg1 Qh2+ 35. Kf2 Bg3+ 36. Ke3 Bxe1 37. Qxe1 d4+ 38. Ke4 dxc3 39. Qf2+ Kg8 40. Qxc5 Qh6 41. Qc6 Qg6+ 42. Ke3 c2 43. g3 e5 44. Qd5+ Qf7 45. Qh1 Rc8 46. Qc1 Qe6 47. Ke4 Rc4+ 48. Kd3 Qd5+ 49. Ke2 Qd1+ 0-1


[Site "https://www.chess.com"]

[Event "Titled Tuesday Blitz October 18 Late 2022"]
[White "Urbina Perez, Juan Antonio"]
[Black "Girel, Joseph"]
[WhiteFideId "2217368"]
[BlackFideId "36033561"]
[WhiteElo "2525"]
[BlackElo "2774"]
[Result "0-1"]
[Round "02"]
[TimeControl "180+1"]
[Date "2022.10.19"]
[WhiteClock "0:00:15"]
[BlackClock "0:01:15"]

1. d4 Nf6 2. c4 c5 3. d5 b5 4. cxb5 a6 5. bxa6 e6 6. Nc3 exd5 7. Nxd5 Be7 8. Nf3 Bxa6 9. Nxf6+ Bxf6 10. Qd5 Nc6 11. Qxc5 Rc8 12. Qe3+ Ne7 13. g3 O-O 14. Bh3 Nd5 15. Qd2 Nc3 16. O-O Nxe2+ 17. Kh1 Qb6 18. Ng1 Nd4 19. Rd1 Rc2 20. Qf4 Bb7+ 21. Bg2 g5 22. Qe3 Re2 23. Qd3 Rxf2 24. Rd2 Bxg2# 0-1


[Site "https://www.chess.com"]

[Event "Titled Tuesday Blitz October 18 Late 2022"]
[White "Vargas, Mauricio"]
[Black "Melikhov, Evgeny V."]
[WhiteFideId "4404572"]
[BlackFideId "4122046"]
[WhiteElo "2025"]
[BlackElo "2169"]
[Result "0-1"]
[Round "02"]
[TimeControl "180+1"]
[Date "2022.10.19"]
[WhiteClock "0:02:08"]
[BlackClock "0:01:11"]

1. e4 c5 2. Nc3 Nc6 3. f4 g6 4. Nf3 Bg7 5. Bb5 Nd4 6. Bf1 e6 7. d3 Ne7 8. g3 Nxf3+ 9. Qxf3 Nc6 10. Ne2 d6 11. c3 O-O 12. Bg2 Rb8 13. Ng1 b5 14. Qf2 b4 15. Bd2 bxc3 16. bxc3 Rb2 17. Qe3 Qa5 18. Ne2 Rxa2 19. O-O Rxa1 20. c4 Rxf1+ 21. Bxf1 Qa1 22. g4 Nd4 23. Ng3 Bd7 24. e5 dxe5 25. fxe5 Bxe5 26. Qxe5 Nf3+ 27. Kg2 Nxe5 28. Bh6 Bc6+ 29. Kh3 Rd8 30. Bg5 Rxd3 31. Bf6 Qxf1+ 32. Kh4 Qxf6+ 33. g5 Qf4+ 34. Kh3 Qg4# 0-1


[Site "https://www.chess.com"]

[Event "Titled Tuesday Blitz October 18 Late 2022"]
[White "Velikanov, Alexander"]
[Black "Koutlas, Nikolaos"]
[WhiteFideId "2039290"]
[BlackFideId "25827138"]
[WhiteElo "2259"]
[BlackElo "2167"]
[Result "0-1"]
[Round "02"]
[TimeControl "180+1"]
[Date "2022.10.19"]
[WhiteClock "0:00:04"]
[BlackClock "0:00:14"]

1. e4 e6 2. Qe2 c5 3. g3 Nc6 4. Bg2 g6 5. f4 Bg7 6. Nf3 Nge7 7. O-O O-O 8. c3 d6 9. Na3 f5 10. d3 Re8 11. Be3 e5 12. fxe5 fxe4 13. dxe4 Nxe5 14. Nxe5 Bxe5 15. Qc4+ Kh8 16. Qf7 Nc6 17. Nc4 Be6 18. Nxe5 Nxe5 19. Qxb7 Rb8 20. Qxa7 Rxb2 21. Bh6 Re7 22. Qa3 Nc4 23. Qa6 Re8 24. Rf3 Ne5 25. Rf4 Ng4 26. Rxg4 Bxg4 27. Rf1 Be2 28. Qa7 Re7 29. Qa3 Bxf1 30. Qxb2 Bxg2 31. c4+ Re5 32. Kxg2 Kg8 33. Qb7 Re7 34. Qd5+ Kh8 35. Qg5 Re8 36. Qf4 Qe7 37. Bg5 Qxe4+ 38. Qxe4 Rxe4 39. Bf6+ Kg8 40. Kf3 Rxc4 0-1


[Site "https://www.chess.com"]

[Event "Titled Tuesday Blitz October 18 Late 2022"]
[White "Vivekananthan, Anish"]
[Black "Celestino, Rafael Teixeira"]
[WhiteFideId "2090775"]
[BlackFideId "2108925"]
[WhiteElo "2734"]
[BlackElo "2368"]
[Result "1-0"]
[Round "02"]
[TimeControl "180+1"]
[Date "2022.10.19"]
[WhiteClock "0:00:20"]
[BlackClock "0:00:10"]

1. d4 Nf6 2. c4 e6 3. Nf3 Bb4+ 4. Nbd2 d5 5. e3 O-O 6. Bd3 Ne4 7. O-O f5 8. Ne5 Nd7 9. Ndf3 Ndf6 10. a3 Bd6 11. b4 c6 12. Bb2 Bd7 13. Nxd7 Qxd7 14. Ne5 Qe8 15. f3 Ng5 16. b5 Nf7 17. Qb3 cxb5 18. cxd5 exd5 19. Bxb5 Qe6 20. f4 a6 21. Bd3 b5 22. a4 b4 23. a5 Ne4 24. Bxe4 fxe4 25. f5 Qh6 26. Qxd5 Rad8 27. Qxe4 Rfe8 28. Rae1 Bc7 29. Qb7 Nxe5 30. Qxc7 Ng4 31. Bc1 Rd7 32. Qg3 Re4 33. h3 Nf6 34. Qb8+ Kf7 35. Qxb4 Rde7 36. Qb3+ Kf8 37. Ba3 Qg5 38. Qb8+ Kf7 39. Qb3+ Kf8 40. Bxe7+ Rxe7 41. Qd3 Ne4 42. Qxa6 Qg3 43. Qc8+ Kf7 44. Qc4+ Kf6 45. a6 Kg5 46. Qe2 Rc7 47. Qf3 Qh4 48. Qf4+ Qxf4 49. exf4+ Kxf5 50. g4+ Kf6 51. Rxe4 Ra7 52. f5 Rxa6 53. Re6+ Rxe6 54. fxe6+ Kxe6 55. d5+ Kxd5 56. Rf7 h5 57. gxh5 Ke5 58. Rxg7 Kf6 59. Rg4 Kf5 60. Kg2 1-0


[Site "https://www.chess.com"]

[Event "Titled Tuesday Blitz October 18 Late 2022"]
[White "Vlassov, Nikolai"]
[Black "Gupta, Abhijeet"]
[WhiteFideId "4103360"]
[BlackFideId "5010608"]
[WhiteElo "2324"]
[BlackElo "2549"]
[Result "1-0"]
[Round "02"]
[TimeControl "180+1"]
[Date "2022.10.18"]
[WhiteClock "0:00:12"]
[BlackClock "0:00:05"]

1. e4 c5 2. c3 d5 3. exd5 Qxd5 4. d4 Nf6 5. Nf3 e6 6. a3 Nc6 7. Be3 Be7 8. dxc5 Qxd1+ 9. Kxd1 O-O 10. b4 a5 11. b5 Nb8 12. Nbd2 Nbd7 13. c6 bxc6 14. bxc6 Nc5 15. Kc2 Ng4 16. Bd4 e5 17. Nxe5 Nxe5 18. Bxe5 Bf5+ 19. Kc1 Rfd8 20. c7 Rd5 21. Bd4 Bg5 22. Bc4 Rd7 23. h4 Bh6 24. f3 Bf4 25. g3 Bxd2+ 26. Kxd2 Rxc7 27. g4 Be6 28. Bxe6 Nxe6 29. Rhd1 f6 30. Ke3 Kf7 31. Rab1 Re8 32. Kf2 Nf4 33. Rd2 Rce7 34. h5 g5 35. hxg6+ hxg6 36. Rb6 Nd5 37. Rd6 Nc7 38. Rxf6+ Kg8 39. Rxg6+ Kf7 40. Rf6+ Kg8 41. Kg3 Ne6 42. Rh2 Nf8 43. Rh5 Re2 44. Rg5+ Kh7 45. Rf7+ Kh6 46. Rh5+ 1-0


[Site "https://www.chess.com"]

[Event "Titled Tuesday Blitz October 18 Late 2022"]
[White "Von Buelow, Georg"]
[Black "Malka, Samuel"]
[WhiteFideId "4620658"]
[BlackFideId "20643675"]
[WhiteElo "2239"]
[BlackElo "2470"]
[Result "0-1"]
[Round "02"]
[TimeControl "180+1"]
[Date "2022.10.19"]
[WhiteClock "0:01:04"]
[BlackClock "0:00:58"]

1. e4 e5 2. Nf3 Nc6 3. Nc3 Nf6 4. d4 exd4 5. Nxd4 Bb4 6. Nxc6 bxc6 7. Bd3 d5 8. exd5 Bg4 9. Be2 Qe7 10. O-O Bxe2 11. Nxe2 cxd5 12. c3 Bd6 13. Nd4 O-O 14. Nf5 Qe5 15. Nxd6 Qxd6 16. Qd3 Rab8 17. b3 Rfe8 18. Bg5 Ne4 19. Be3 a5 20. Rfd1 Rbd8 21. Rac1 Qa3 22. Qc2 Qe7 0-1


[Site "https://www.chess.com"]

[Event "Titled Tuesday Blitz October 18 Late 2022"]
[White "Vusatiuk, Vladimir"]
[Black "Bordi, Kevin"]
[WhiteFideId "14118610"]
[BlackFideId "621862"]
[WhiteElo "2542"]
[BlackElo "2788"]
[Result "0-1"]
[Round "02"]
[TimeControl "180+1"]
[Date "2022.10.19"]
[WhiteClock "0:00:04"]
[BlackClock "0:00:15"]

1. Nf3 d5 2. g3 Nf6 3. Bg2 c6 4. O-O Bf5 5. c4 e6 6. d3 dxc4 7. dxc4 Qxd1 8. Rxd1 Bc2 9. Rd2 Bg6 10. Ne5 Bb4 11. Nxg6 Bxd2 12. Nxd2 hxg6 13. Nb3 Nbd7 14. Na5 O-O-O 15. b4 Nb8 16. Be3 b6 17. Nxc6 Nxc6 18. Bxc6 e5 19. a4 Rd6 20. b5 Rhd8 21. Ra2 Ng4 22. a5 Rd1+ 23. Kg2 Nxe3+ 24. fxe3 R1d2 25. Ra3 bxa5 26. Rxa5 Rxe2+ 27. Kf3 Rdd2 28. Ke4 Kb8 29. Bd5 f6 30. h4 Rb2 31. Ra6 Rb3 32. Kf3 Rbxe3+ 33. Kg4 f5+ 34. Kh3 f4 35. h5 Rxg3+ 36. Kh4 Rh2# 0-1


[Site "https://www.chess.com"]

[Event "Titled Tuesday Blitz October 18 Late 2022"]
[White "Ward, Ieuan C"]
[Black "Tomaszewski, Kacper"]
[WhiteFideId "406627"]
[BlackFideId "1127373"]
[WhiteElo "2362"]
[BlackElo "2211"]
[Result "1/2-1/2"]
[Round "02"]
[TimeControl "180+1"]
[Date "2022.10.19"]
[WhiteClock "0:00:06"]
[BlackClock "0:00:02"]

1. d4 e6 2. c4 Nf6 3. Nf3 d5 4. Nc3 c5 5. e3 Nc6 6. Be2 h6 7. O-O dxc4 8. Bxc4 Be7 9. a3 O-O 10. dxc5 Qxd1 11. Rxd1 Bxc5 12. b4 Be7 13. Bb2 b6 14. Rac1 Bb7 15. Nb5 Rfd8 16. Ne5 Nxe5 17. Bxe5 Rxd1+ 18. Rxd1 a5 19. Nc7 Rc8 20. bxa5 bxa5 21. Rb1 Be4 22. Rb5 Ne8 23. Nxe8 Rxc4 24. f3 Bc6 25. Rb8 Kh7 26. Bd6 Bg5 27. f4 Bh4 28. g3 Rc1+ 29. Kf2 Rc2+ 30. Ke1 Bf6 31. Nxf6+ gxf6 32. h4 Kg7 33. Rb6 a4 34. g4 Bf3 35. g5 hxg5 36. hxg5 fxg5 37. fxg5 Kg6 38. Kf1 Kf5 39. Be7 Kg4 40. Rb4+ Kh3 41. Rxa4 e5 42. Ra5 Kg3 43. Ke1 Re2+ 44. Kd1 Rxe3+ 45. Kc2 Be4+ 46. Kb2 Re2+ 47. Kb3 Kf4 48. Bf6 Bc2+ 49. Kb4 e4 50. Ra7 e3 51. Rxf7 Bg6 52. Rf8 Kg4 53. Bd4 Re1 54. Bxe3 Rxe3 55. a4 Kxg5 56. a5 Re4+ 57. Kb5 Re5+ 58. Kb6 Re6+ 59. Kb5 Bd3+ 60. Kc5 Ra6 61. Rb8 Rxa5+ 62. Kd4 Bf1 63. Rg8+ Kh4 64. Rh8+ Kg3 65. Rg8+ Kf2 66. Rf8+ Ke1 67. Re8+ Be2 68. Re5 Ra4+ 69. Ke3 Ra3+ 70. Kf4 Kd2 71. Rd5+ Bd3 72. Ke5 Ra4 73. Rd4 Ra5+ 74. Rd5 Ra6 75. Rd6 Ra8 76. Rd4 Ke3 77. Rd6 Re8+ 78. Kd5 Be4+ 79. Kc5 Re5+ 80. Kb6 Bd5 81. Kc7 Kd4 82. Kd7 Rh5 83. Rf6 Rh7+ 84. Kd6 Ra7 85. Rf4+ Be4 86. Rh4 Ra6+ 87. Ke7 Ke5 88. Rh5+ Bf5 89. Kf7 Ra7+ 90. Ke8 Kf6 91. Kd8 Bg6 92. Rd5 Ke6 93. Rd2 Bf5 94. Re2+ Kf6 95. Rf2 Ke5 96. Re2+ Be4 97. Re1 Kd4 98. Rd1+ Kc5 99. Re1 Bd5 100. Rc1+ Kd6 101. Ke8 Rh7 102. Rf1 Rh8+ 103. Rf8 Rh7 104. Rf1 Bc4 105. Rf6+ Ke5 106. Rb6 Be6 107. Rb5+ Kd6 108. Kf8 Ra7 109. Rb6+ Ke5 110. Rb8 Kf6 111. Rc8 Rg7 1/2-1/2


[Site "https://www.chess.com"]

[Event "Titled Tuesday Blitz October 18 Late 2022"]
[White "Wiebe, Isaac"]
[Black "Priasmoro, Novendra"]
[WhiteFideId "2623862"]
[BlackFideId "7105029"]
[WhiteElo "2235"]
[BlackElo "2412"]
[Result "0-1"]
[Round "02"]
[TimeControl "180+1"]
[Date "2022.10.19"]
[WhiteClock "0:00:08"]
[BlackClock "0:01:37"]

1. d4 Nf6 2. c4 e6 3. Nc3 d5 4. Bg5 Be7 5. e3 O-O 6. Rc1 c6 7. Nf3 Nbd7 8. Qc2 h6 9. Bh4 b6 10. a3 Bb7 11. cxd5 cxd5 12. Bd3 Rc8 13. O-O Ne4 14. Bxe7 Qxe7 15. Bxe4 dxe4 16. Nd2 f5 17. Qa4 a6 18. Qb4 Qxb4 19. axb4 e5 20. Nb3 exd4 21. Nxd4 Ne5 22. Na4 Rf6 23. Rxc8+ Bxc8 24. Rc1 Bd7 25. Nc3 Nd3 26. Rc2 Nxb4 27. Rd2 Rd6 28. g3 Nd3 29. Nce2 Rd5 30. Nc3 Ra5 31. Nb3 Re5 32. Kg2 b5 33. Nd4 b4 34. Nce2 Ra5 35. Nf4 Ne5 36. Nb3 Ra2 37. Nc5 Bb5 38. Nd5 Ra1 39. Kh3 g5 40. Ne7+ Kf7 41. Nxf5 Bf1# 0-1


[Site "https://www.chess.com"]

[Event "Titled Tuesday Blitz October 18 Late 2022"]
[White "Wieczorek, Oskar"]
[Black "Zochowski, Kacper"]
[WhiteFideId "1133950"]
[BlackFideId "1125494"]
[WhiteElo "2757"]
[BlackElo "2517"]
[Result "1-0"]
[Round "02"]
[TimeControl "180+1"]
[Date "2022.10.19"]
[WhiteClock "0:01:17"]
[BlackClock "0:01:46"]

1. e4 d6 2. d4 g6 3. Nf3 Bg7 4. Bc4 Nf6 5. Qe2 O-O 6. e5 dxe5 7. dxe5 Nd5 8. h3 Nb6 9. Bb3 Nc6 10. Nbd2 Na5 11. O-O Bf5 12. Ne4 Nxb3 13. axb3 Qd5 14. Nc3 Qd8 15. Rd1 Qc8 16. Ne4 Rd8 17. Bg5 Rxd1+ 18. Rxd1 Qe6 19. Nc5 Qc6 20. b4 h6 21. Bxe7 Qe8 22. Bh4 c6 23. Nxb7 Nd5 24. Nd6 Qe6 25. Bg3 Nxb4 26. Nd4 Qa2 27. N4xf5 gxf5 28. Nxf5 Qxb2 29. Qg4 1-0


[Site "https://www.chess.com"]

[Event "Titled Tuesday Blitz October 18 Late 2022"]
[White "Wiegmann, Sascha"]
[Black "Korchmar, Vasiliy"]
[WhiteFideId "4682041"]
[BlackFideId "24131750"]
[WhiteElo "2284"]
[BlackElo "2370"]
[Result "0-1"]
[Round "02"]
[TimeControl "180+1"]
[Date "2022.10.19"]
[WhiteClock "0:00:20"]
[BlackClock "0:02:18"]

1. Nf3 d5 2. g3 g6 3. Bg2 Bg7 4. O-O e5 5. d3 Ne7 6. e4 O-O 7. exd5 Nxd5 8. Re1 Nc6 9. Nbd2 Re8 10. Nc4 h6 11. a4 a5 12. c3 Bf5 13. Nh4 Be6 14. Qb3 Nb6 15. Be3 Qxd3 16. Nxb6 Bxb3 17. Nxa8 Rxa8 18. Nf3 Rd8 19. Nd2 Bd5 20. Bf1 Qf5 21. c4 Be6 22. b3 Nd4 23. Bxd4 exd4 24. Rad1 Qh5 25. Ne4 Bg4 26. Rd3 b6 27. c5 bxc5 28. Rc1 Bf5 29. Rxc5 Bxe4 30. Rxh5 gxh5 31. Rd2 d3 32. Rd1 Bc3 33. Bxd3 Rxd3 34. Rxd3 Bxd3 35. f4 Bc2 36. Kf2 Bxb3 0-1


[Site "https://www.chess.com"]

[Event "Titled Tuesday Blitz October 18 Late 2022"]
[White "Yano, William Jorge Froes"]
[Black "Jimenez Almeida, Luis David"]
[WhiteFideId "2112949"]
[BlackFideId "22242244"]
[WhiteElo "2122"]
[BlackElo "2158"]
[Result "1-0"]
[Round "02"]
[TimeControl "180+1"]
[Date "2022.10.19"]
[WhiteClock "0:00:03"]
[BlackClock "0:00:17"]

1. e4 g6 2. Nc3 Bg7 3. Bc4 c5 4. f4 e6 5. Nf3 a6 6. a4 Ne7 7. d3 d5 8. Ba2 dxe4 9. Nxe4 b6 10. O-O Bb7 11. Qe1 O-O 12. a5 Nbc6 13. axb6 Qxb6 14. Kh1 Nb4 15. Bb3 a5 16. Ne5 Rad8 17. Be3 Bxe4 18. dxe4 Nec6 19. Nc4 Qb5 20. Qf2 Nd4 21. Rxa5 Qc6 22. Ne5 Qxe4 23. Rxc5 Nxb3 24. cxb3 Nd3 25. Nxd3 Rxd3 26. Bc1 Bd4 27. Rc4 Qd5 28. Qc2 Bf6 29. Rc8 Qxb3 30. Rxf8+ Kxf8 31. Qc7 Qd5 32. f5 Rd1 33. Bh6+ Ke8 34. Qc8+ Bd8 35. Rg1 Qd4 36. Qc6+ Ke7 37. f6+ Kxf6 38. Qf3+ Ke7 39. Rxd1 Qxb2 40. Bg5+ Ke8 41. Qc6+ Kf8 42. Rxd8+ Kg7 43. Rd1 Qe2 44. Qf3 Qe5 45. Bf4 Qf5 46. g4 Qb5 47. g5 Qa4 48. Be5+ Kf8 49. Rd8+ Ke7 50. Bf6# 1-0


[Site "https://www.chess.com"]

[Event "Titled Tuesday Blitz October 18 Late 2022"]
[White "Yeletsky, Ivan"]
[Black "Aldokhin, Ivan"]
[WhiteFideId "24180327"]
[BlackFideId "24115720"]
[WhiteElo "2391"]
[BlackElo "2313"]
[Result "1-0"]
[Round "02"]
[TimeControl "180+1"]
[Date "2022.10.18"]
[WhiteClock "0:00:06"]
[BlackClock "0:00:02"]

1. Nf3 Nf6 2. c4 g6 3. b4 Bg7 4. Bb2 O-O 5. g3 d5 6. cxd5 Nxd5 7. Bxg7 Kxg7 8. Qb3 f6 9. Nc3 Be6 10. Qb2 Nd7 11. Bg2 N7b6 12. d3 Qd6 13. a3 Nxc3 14. Qxc3 Nd5 15. Qb2 Bf7 16. O-O e5 17. Nd2 c6 18. Rfc1 Qe7 19. b5 cxb5 20. Qxb5 Rad8 21. a4 a6 22. Qb2 Rc8 23. a5 Qd7 24. Rxc8 Rxc8 25. Nc4 Rc5 26. Qa3 Qc7 27. h4 Ne7 28. Ne3 Nd5 29. Bxd5 Bxd5 30. h5 Be6 31. hxg6 hxg6 32. Qb4 Rb5 33. Qe4 Rxa5 34. Rxa5 Qxa5 35. Qxb7+ Bf7 36. Nc4 Qe1+ 37. Kg2 Qxe2 38. Nd6 Qa2 39. Ne8+ Kf8 40. Nxf6 Kg7 41. Ne4 a5 42. Qe7 Qd5 43. Qf6+ Kg8 44. Qa6 Kg7 45. Qa7 Qe6 46. Qxa5 Qd5 47. Qa7 Qxd3 48. Ng5 Qd5+ 49. Kg1 Qd1+ 50. Kg2 Qd5+ 51. Kh2 e4 52. Qa1+ Kg8 53. Qf6 Qf5 54. Qxf5 gxf5 55. Nh3 Kg7 56. Nf4 Kf6 57. Kh3 1-0


[Site "https://www.chess.com"]

[Event "Titled Tuesday Blitz October 18 Late 2022"]
[White "Yi, Richard"]
[Black "Shimanov, Aleksandr"]
[WhiteFideId "2079518"]
[BlackFideId "4198603"]
[WhiteElo "2147"]
[BlackElo "2605"]
[Result "0-1"]
[Round "02"]
[TimeControl "180+1"]
[Date "2022.10.18"]
[WhiteClock "0:00:01"]
[BlackClock "0:01:39"]

1. d4 d5 2. c4 e6 3. Nf3 c5 4. cxd5 exd5 5. g3 Nc6 6. Bg2 Nf6 7. O-O Be7 8. dxc5 Bxc5 9. a3 Ne4 10. b4 Be7 11. Bb2 Bf6 12. Bxf6 Qxf6 13. Ra2 Be6 14. Rc2 O-O 15. b5 Na5 16. Qd4 Qe7 17. Nfd2 Nf6 18. Rfc1 Nc4 19. a4 Rfd8 20. Rc3 b6 21. e3 Rac8 22. Nf3 Ne4 23. R3c2 Nc5 24. Nbd2 Nxa4 25. Nxc4 dxc4 26. Qa1 Nc5 27. Nd4 Nb3 28. Nxb3 cxb3 29. Rc6 Qb4 30. Qb2 Qxb5 31. Rxc8 Rxc8 32. Rxc8+ Bxc8 33. Bf1 Qd5 34. Qc3 Be6 35. Qc7 g6 0-1


[Site "https://www.chess.com"]

[Event "Titled Tuesday Blitz October 18 Late 2022"]
[White "Yurtseven, Melih"]
[Black "Kovacevic, Radmila"]
[WhiteFideId "6312160"]
[BlackFideId "933171"]
[WhiteElo "2218"]
[BlackElo "2208"]
[Result "0-1"]
[Round "02"]
[TimeControl "180+1"]
[Date "2022.10.19"]
[WhiteClock "0:00:04"]
[BlackClock "0:02:08"]

1. Nf3 c5 2. g3 d5 3. Bg2 Nc6 4. O-O e5 5. d3 Be7 6. Nbd2 Nf6 7. e4 O-O 8. exd5 Nxd5 9. Re1 f6 10. Nc4 Be6 11. a4 Rc8 12. c3 g5 13. Qc2 Bf5 14. h3 Qd7 15. Kh2 a6 16. Nfd2 Bd8 0-1


[Site "https://www.chess.com"]

[Event "Titled Tuesday Blitz October 18 Late 2022"]
[White "Zakaryan, David"]
[Black "Bochnicka, Vladimir"]
[WhiteFideId "24101923"]
[BlackFideId "14943450"]
[WhiteElo "2409"]
[BlackElo "2239"]
[Result "1-0"]
[Round "02"]
[TimeControl "180+1"]
[Date "2022.10.19"]
[WhiteClock "0:02:10"]
[BlackClock "0:00:03"]

1. g3 c5 2. Bg2 Nc6 3. c4 g6 4. Nc3 Bg7 5. e3 d6 6. Nge2 Bd7 7. O-O Qc8 8. a3 Bh3 9. Nf4 Bxg2 10. Kxg2 h5 11. h4 Nf6 12. Rb1 a5 13. b3 O-O 14. Bb2 e5 15. Nfd5 Nxd5 16. Nxd5 Qd8 17. d3 f5 18. f4 Ne7 19. Qf3 a4 20. b4 b6 21. bxc5 bxc5 22. Ba1 Kh7 23. Rb7 Nc6 24. Rfb1 Na5 25. fxe5 Nxb7 26. Rxb7 dxe5 27. Bxe5 Rg8 28. Nf6+ Kh6 29. Nxg8+ Qxg8 30. Bxg7+ Kh7 31. Bf6+ Kh6 32. Bg5# 1-0


[Site "https://www.chess.com"]

[Event "Titled Tuesday Blitz October 18 Late 2022"]
[White "Zhigalko, Sergei"]
[Black "Zhurbinsky, David"]
[WhiteFideId "13502956"]
[BlackFideId "2072904"]
[WhiteElo "2662"]
[BlackElo "2571"]
[Result "0-1"]
[Round "02"]
[TimeControl "180+1"]
[Date "2022.10.18"]
[WhiteClock "0:00:54"]
[BlackClock "0:00:06"]

1. e4 e5 2. Nf3 Nc6 3. Bc4 Bc5 4. b4 Bb6 5. a4 a6 6. Nc3 Nf6 7. Nd5 O-O 8. Nxb6 cxb6 9. d3 d5 10. exd5 Nxd5 11. O-O Bg4 12. Re1 Nd4 13. Rxe5 Bxf3 14. gxf3 Nc3 15. Qf1 Nxf3+ 16. Kh1 Nxe5 17. Bb3 Re8 18. Bb2 Rc8 19. Qg2 Qh4 20. Rg1 Ng6 21. Qxb7 Qxf2 22. Bc4 Ne2 23. Ra1 Nh4 24. Qd5 Rxc4 25. dxc4 Nf3 26. Qh5 Nf4 27. Qg4 Qxh2# 0-1


[Site "https://www.chess.com"]

[Event "Titled Tuesday Blitz October 18 Late 2022"]
[White "Zhukov, Maksim"]
[Black "Burke, Paul"]
[WhiteFideId "34181790"]
[BlackFideId "2605767"]
[WhiteElo "1929"]
[BlackElo "1876"]
[Result "1-0"]
[Round "02"]
[TimeControl "180+1"]
[Date "2022.10.19"]
[WhiteClock "0:02:06"]
[BlackClock "0:00:40"]

1. c4 a6 2. Nf3 d6 3. g3 g6 4. Bg2 Nd7 5. O-O Bg7 6. Nc3 h6 7. b3 e6 8. Bb2 Ne7 9. d3 O-O 10. e4 b6 11. d4 Bb7 12. d5 e5 13. h4 f5 14. Nh2 f4 15. g4 g5 16. h5 Nf6 17. b4 Qe8 18. a4 Bc8 19. f3 Nxh5 20. gxh5 Qxh5 21. Ng4 Qg6 22. Nf2 h5 23. Nd3 g4 24. Kf2 gxf3 25. Bxf3 Qg3+ 26. Ke2 Bh3 27. Rg1 Qh2+ 28. Nf2 Bg4 29. Rg2 Qh4 30. Qh1 Qg5 31. Nxg4 hxg4 32. Rxg4 1-0


[Site "https://www.chess.com"]

[Event "Titled Tuesday Blitz October 18 Late 2022"]
[White "Zou, Chen"]
[Black "Eisa Mohmood, Alkhoori"]
[WhiteFideId "8610959"]
[BlackFideId "9316116"]
[WhiteElo "2325"]
[BlackElo "1245"]
[Result "0-1"]
[Round "02"]
[TimeControl "180+1"]
[Date "2022.10.19"]
[WhiteClock "0:00:02"]
[BlackClock "0:00:28"]

1. d4 Nf6 2. c4 g6 3. Nc3 d5 4. cxd5 Nxd5 5. e4 Nxc3 6. bxc3 Bg7 7. Bc4 c5 8. Ne2 Nc6 9. Be3 O-O 10. h4 cxd4 11. cxd4 Qa5+ 12. Bd2 Qh5 13. d5 Ne5 14. Bb3 Bg4 15. Bc3 Bxe2 16. Qxe2 Nf3+ 17. Kd1 Bxc3 18. Rc1 Qe5 19. gxf3 Qd4+ 20. Kc2 Rfc8 21. Kb1 a5 22. a4 Qb4 23. Qb5 Qa3 24. Ba2 Bd2 25. Rcd1 Bb4 26. Rc1 Qxf3 27. Bc4 Rc5 28. Qxb7 Rac8 29. Qa6 Rb8 30. Bb5 Qb3+ 31. Ka1 Rc3 0-1


[Site "https://www.chess.com"]